Map: Apotheosis LE

Players

WWD - Winner!

  • Race: Zerg Zerg
  • League: Silver
  • Spawn Location: 11:00

Fropez

  • Race: Protoss Protoss
  • League: Gold
  • Spawn Location: 5:00

VOD

Have the link to the VOD?

Description

Time

  • Played on: Aug. 29, 2016, 11:38 a.m.
  • Length: 13:00
Show
View Real Time Build Order
Export as new Build Order

WWD Zerg - Winner!

Build Orders: Hatch First 

Get SALT Encoding   

  12  0:00  Drone  
  13  0:12  Overlord  
  13  0:17  Drone  
  14  0:31  Drone x2  
  14  0:34  Drone  
  17  0:45  Drone  
  18  1:00  Drone  
  18  1:01  Hatchery  
  18  1:06  Drone  
  19  1:18  Spawning Pool  
  19  1:20  Drone  
  19  1:25  Extractor  
  18  1:31  Drone  
  19  1:40  Drone  
  20  1:49  Overlord  
  20  2:05  Zergling x2  
  20  2:07  Queen  
  23  2:15  Zergling x2  
  24  2:17  Queen  
  24  2:19  Drone  
  27  2:23  Overlord  
  27  2:33  Zergling x2  
  27  2:36  Drone x2  
  30  2:43  Zergling x2  
  31  2:46  Metabolic Boost  
  31  2:54  Zergling x2  
  32  3:00  Drone x2  
  32  3:04  Queen  
  36  3:08  Zergling x2  
  37  3:15  Drone  
  37  3:19  Zergling x4, Drone  
  41  3:24  Zergling x2  
  42  3:28  Zergling x4  
  42  3:30  Overlord  
  44  3:44  Evolution Chamber  
  44  3:46  Drone  
  44  3:47  Evolution Chamber, Zergling x2  
  44  3:48  Overlord  
  44  3:54  Drone x3  
  47  3:58  Zergling x4, Drone  
  50  4:05  Zergling x4  
  50  4:08  Zergling x4  
  54  4:27  Hatchery  
  53  4:31  Zerg Melee Weapons Level 1  
  53  4:32  Zerg Ground Armor Level 1  
  53  4:44  Lair  
  53  4:46  Extractor, Drone x2  
  53  4:47  Drone  
  53  4:49  Zergling x2, Drone  
  57  4:54  Drone x3  
  57  4:57  Extractor, Drone  
  57  4:59  Overlord  
  60  5:03  Overlord  
  60  5:20  Drone x3  
  63  5:30  Drone  
  63  5:31  Overlord, Drone  
  63  5:32  Zergling x2, Drone  
  67  5:36  Drone x2  
  67  5:37  Drone  
  63  6:03  Hydralisk Den  
  62  6:12  Drone x3  
  65  6:26  Drone  
  65  6:27  Zergling x2, Drone  
  65  6:28  Zergling x2  
  65  6:29  Zerg Melee Weapons Level 2, Zerg Ground Armor Level 2  
  69  6:33  Muscular Augments  
  69  6:39  Extractor  
  68  6:44  Spore Crawler  
  64  6:58  Spore Crawler  
  64  7:00  Drone x3  
  66  7:04  Drone x3  
  69  7:11  Hydralisk x3  
  75  7:18  Infestation Pit  
  74  7:23  Overlord  
  74  7:30  Drone  
  74  7:31  Drone  
  74  7:34  Spore Crawler  
  74  7:36  Drone  
  76  7:38  Hydralisk x3, Zergling x2  
  73  8:04  Drone x2  
  75  8:31  Spore Crawler  
  74  8:34  Drone  
  74  8:35  Spore Crawler, Drone x2  
  76  8:42  Spore Crawler  
  76  8:44  Spore Crawler, Hive  
  76  8:46  Zerg Missile Weapons Level 1  
  76  8:48  Hydralisk x3  
  75  9:16  Drone  
  75  9:17  Drone  
  77  9:24  Drone x2  
  79  9:26  Spore Crawler  
  70  9:58  Hydralisk x3  
  70  9:59  Zergling x6  
  79  10:00  Queen  
  81  10:16  Ultralisk Cavern, Adrenal Glands  
  81  10:21  Zerg Melee Weapons Level 3  
  80  10:48  Hydralisk x4  
  80  10:49  Zergling x4  
  91  10:50  Zergling x6  
  91  10:56  Extractor  
  98  11:04  Ultralisk  
  98  11:05  Overlord x2  
  98  11:22  Overlord x2  
  98  11:23  Overlord  
  110  11:25  Ultralisk x2  
  110  11:27  Zergling x2  
  112  11:32  Drone  
  112  11:33  Drone  
  113  11:49  Hatchery  
  112  11:55  Ultralisk x2  
  123  12:07  Zergling x2  
  123  12:08  Hydralisk x5, Zergling x6  
Show
View Real Time Build Order
Export as new Build Order

Fropez Protoss 

Build Orders: 1 Gate Expand 

Get SALT Encoding   

  12  0:01  Probe (Chrono Boost)  
  13  0:18  Probe (Chrono Boost)  
  13  0:19  Pylon  
  14  0:36  Probe (Chrono Boost)  
  14  0:40  Gateway  
  15  0:46  Probe (Chrono Boost)  
  16  1:10  Nexus  
  16  1:16  Assimilator  
  16  1:30  Cybernetics Core  
  16  1:33  Probe (Chrono Boost)  
  16  1:44  Probe (Chrono Boost)  
  17  1:57  Pylon  
  17  1:59  Probe (Chrono Boost)  
  18  2:13  Probe (Chrono Boost)  
  19  2:17  Warp Gate (Chrono Boost)  
  19  2:32  Gateway  
  19  2:35  Gateway x2  
  19  2:39  Gateway  
  19  2:56  Probe x2  
  21  3:07  Pylon, Probe  
  21  3:09  Mothership Core  
  21  3:12  Assimilator  
  24  3:17  Probe  
  25  3:40  Assimilator  
  25  3:43  Assimilator  
  25  3:46  Probe x2  
  27  3:50  Pylon  
  27  3:51  Pylon  
  27  3:55  Stargate  
  27  3:56  Probe  
  27  3:58  Probe  
  29  4:07  Probe  
  30  4:20  Probe, Robotics Facility  
  30  4:21  Pylon, Probe  
  32  4:32  Probe x2  
  34  4:39  Stalker  
  34  4:43  Stalker  
  41  4:52  Oracle (Chrono Boost)  
  41  4:58  Probe  
  42  5:09  Probe  
  42  5:10  Probe  
  42  5:11  Forge  
  42  5:12  Observer  
  45  5:23  Probe  
  45  5:24  Probe, Oracle (Chrono Boost)  
  50  5:33  Probe  
  51  6:15  Oracle (Chrono Boost)  
  54  6:18  Warp Prism  
  54  6:20  Protoss Ground Weapons Level 1  
  56  6:26  Gateway  
  56  6:30  Gateway  
  56  6:31  Probe x2, Gateway  
  58  6:35  Gateway  
  58  6:37  Gateway  
  58  6:46  Oracle (Chrono Boost)  
  61  7:13  Warp Prism  
  63  7:17  Oracle (Chrono Boost)  
  66  7:59  Zealot x5  
  66  8:00  Zealot  
  78  8:07  Pylon  
  78  8:08  Pylon  
  78  8:11  Pylon  
  78  8:13  Pylon  
  78  8:23  Twilight Council, Pylon  
  78  8:27  Protoss Air Weapons Level 1 (Chrono Boost)  
  78  8:31  Protoss Ground Armor Level 1  
  75  8:42  Probe  
  75  8:43  Probe  
  77  8:54  Zealot x4  
  77  8:55  Zealot x2  
  87  8:56  Zealot x3  
  76  9:16  Zealot x2  
  76  9:17  Zealot x4  
  82  9:18  Zealot x3  
  70  10:12  Probe  
  70  10:14  Probe  
  76  10:23  Probe  
  76  10:24  Protoss Ground Weapons Level 2 (Chrono Boost)  
  76  10:26  Probe  
  78  10:35  Nexus  
  78  10:37  Pylon  
  78  10:40  Pylon  
  76  10:46  Pylon  
  76  10:59  Charge (Chrono Boost)  
  76  11:15  Pylon  
  76  11:20  Gateway  
  76  11:21  Photon Cannon, Gateway  
  76  11:23  Gateway  
  76  11:27  Gateway  
  76  11:32  Assimilator  
  76  11:34  Assimilator  
  76  11:40  Adept x4  
  76  11:41  Adept x3  
  76  11:42  Adept x2  
  76  11:43  Probe  
  76  11:44  Probe  
  96  12:28  Zealot x5  
  96  12:29  Zealot x5  
Tags
 
Add a new tag
Caveats
  • Supply blocks, unpowered buildings, or Contaminate may cause inaccurate times.
  • Supply counts are checked every 10 seconds.